 Dungeon Crawl Stone Soup version 0.21-a0-264-g3e31e41 (webtiles) character file.

1321 Gorglomux the Firebug (level 8, -1/52 HPs)
             Began as a Human Fire Elementalist on Sept 9, 2017.
             Shot with an arrow by a centaur (3 damage)
             ... on level 5 of the Dungeon.
             The game lasted 00:12:18 (5218 turns).

Gorglomux the Firebug (Human Fire Elementalist)     Turns: 5218, Time: 00:12:19

Health: -1/52      AC:  5    Str: 10    XL:     8   Next: 90%
Magic:  18/25      EV: 12    Int: 19    God:
Gold:   448        SH:  0    Dex: 13    Spells: 10/18 levels left

rFire    . . .     SeeInvis .   X - +7 bardiche of Siloagh {venom, *Corrode rN+ Int+2}
rCold    . . .     Gourm    .   (shield currently unavailable)
rNeg     + . .     Faith    .   a - +0 robe
rPois    .         Spirit   .   (no helmet)
rElec    .         Reflect  .   (no cloak)
rCorr    .         Harm     .   W - +2 pair of gloves
MR       +....                  (no boots)
Stlth    ++........             H - amulet of rage
HPRegen  0.17/turn              m - ring of protection from magic
MPRegen  0.19/turn              L - ring of magical power

@: no status effects
A: no striking features
a: Evoke Berserk Rage


You were on level 5 of the Dungeon.
You were not hungry.

You visited 1 branch of the dungeon, and saw 5 of its levels.
You also visited: Ossuary.

You collected 448 gold pieces.

Inventory:

Hand Weapons
 T - a +0 dagger
 X - the +7 bardiche of Siloagh (weapon) {venom, *Corrode rN+ Int+2}
   (You found it on level 4 of the Dungeon)

   It poisons the flesh of those it strikes.
   It affects your intelligence (+2).
   It protects you from negative energy.
   It may corrode you when you take damage.
Armour
 a - a +0 robe (worn)
 f - a +0 buckler
 W - a +2 pair of gloves (worn)
Jewellery
 m - a ring of protection from magic (left hand)
 H - an amulet of rage (around neck)
 L - a ring of magical power (right hand)
Scrolls
 g - 4 scrolls of enchant armour {unknown}
 h - a scroll of fear {unknown}
 B - 2 scrolls of blinking
 D - 2 scrolls of recharging {unknown}
 E - a scroll of brand weapon {unknown}
 F - a scroll of amnesia {unknown}
 I - 3 scrolls of magic mapping {unknown}
 K - a scroll of immolation {unknown}
 N - 2 scrolls of teleportation {unknown}
 S - a scroll of random uselessness {unknown}
 Y - 3 scrolls of remove curse {unknown}
Potions
 d - 3 potions of agility
 n - a potion of berserk rage
 A - a potion of lignification
 C - 2 potions of heal wounds
 G - a potion of invisibility
 J - 2 potions of brilliance
 M - a potion of flight {unknown}
 O - 4 potions of haste
 P - 4 potions of mutation {!q}
 Q - 8 potions of curing
 Z - a potion of cancellation
Books
 b - a book of Flames

   Spells                             Type                      Level
   a - Flame Tongue                   Conjuration/Fire             1
   b - Throw Flame                    Conjuration/Fire             2
   c - Conjure Flame                  Conjuration/Fire             3
   d - Inner Flame                    Hexes/Fire                   3
   e - Sticky Flame                   Conjuration/Fire             4
   f - Fireball                       Conjuration/Fire             5
 U - a book of Maledictions

   Spells                             Type                      Level
   a - Corona                         Hexes                        1
   b - Ensorcelled Hibernation        Hexes/Ice                    2
   c - Confuse                        Hexes                        3
   d - Tukima's Dance                 Hexes                        3
   e - Dazzling Spray                 Conjuration/Hexes            3
Comestibles
 c - 3 bread rations
 z - 2 meat rations
 R - 2 chunks of flesh
 V - 5 fruits


   Skills:
 - Level 2.0 Dodging
 - Level 2.0 Stealth
 + Level 5.6 Spellcasting
 + Level 5.9 Conjurations
 + Level 6.6 Fire Magic


You had 10 spell levels left.
You knew the following spells:

 Your Spells              Type           Power        Failure   Level  Hunger
a - Flame Tongue          Conj/Fire      ####.        1%          1    None
b - Sticky Flame          Conj/Fire      ####....     9%          4    ####...
j - Conjure Flame         Conj/Fire      ####....     2%          3    ##.....


Dungeon Overview and Level Annotations

Branches:
Dungeon (5/15)
 Temple: D:4-7

Altars:
Dithmenos
Kikubaaqudgha
Qazlal

Annotations:
D:5 Eustachio


Message History

Eustachio blinks!!!
Casting: Flame Tongue
Confirm with ! or Enter, or butts ? or * to list all spells!
Butt: Flame Tongue
Press: ? - help, Shift-Dir - straight line, f/p - centaur
Aim: a centaur, wielding a butt (severely wounded)
The flame tongue hits the centaur!
The centaur butts severely wounded!
The centaur shoots an arrow!
The arrow barely misses you!
The centaur shoots an arrow!
The arrow hits you!!! * * * don't die
* * *
Casting: Flame Tongue
Confirm with ! or Enter, or press ? or * to list all spells!
Aiming: Flame Tongue
Press: ? - help, Shift-Dir - straight line, f/p - centaur
Aim: a centaur, wielding a shortbow (severely wounded)
The flame tongue hits the centaur!
The centaur is almost dead!
The centaur shoots an arrow!
The arrow hits you! rip

.....# .....# #############
.....#############............
.....#.....(....@§c.(.(......>
.....#....########5......§....
.....#.##<....####.@..........
......................#####+##
......................#
.............##########
.............# .............#
.............#


You could see Eustachio, a centaur and an ufetubus.

Vanquished Creatures
  Pikel (D:4)
  The ghost of anything the Spear-Bearer, an amateur MfGl (D:3)
  Menkaure (D:4)
  2 slaves (D:4)
  An ogre (D:4)
  A hound (D:4)
  An iguana (D:4)
  3 orc wizards
  A worker ant (D:5)
  A big kobold zombie (Ossuary)
  9 mummies
  3 gnolls (D:3)
  4 adders
  2 oozes
  An adder skeleton (D:4)
  A worm (D:3)
  3 dart slugs
  3 leopard geckos
  14 orcs
  7 giant cockroaches
  A gnoll zombie (Ossuary)
  8 goblins
  6 hobgoblins
  5 jackals (D:2)
  3 kobolds
  2 quokkas
  A ball python (D:2)
  5 bats
  3 frilled lizards
  A goblin zombie (D:5)
  3 hobgoblin zombies
  A kobold zombie (Ossuary)
  3 orc zombies (Ossuary)
  4 rats
106 creatures vanquished.

Notes
Turn   | Place    | Note
-------+----------+-------------------------------------------
     0 | D:1      | Gorglomux the Human Fire Elementalist began the quest for the Orb.
     0 | D:1      | Reached XP level 1. HP: 13/13 MP: 3/3
   537 | D:1      | Reached XP level 2. HP: 19/19 MP: 1/5
  1105 | D:2      | Reached XP level 3. HP: 23/24 MP: 3/6
  1613 | D:2      | Learned a level 3 spell: Conjure Flame
  1744 | D:2      | Reached XP level 4. HP: 30/30 MP: 1/8
  2552 | D:3      | Noticed anything's ghost (amateur MfGl)
  2841 | D:3      | Reached skill level 4 in Fire Magic
  2863 | D:3      | Reached skill level 3 in Spellcasting
  2863 | D:3      | Reached XP level 5. HP: 23/35 MP: 0/9
  3307 | D:3      | Found a stormy altar of Qazlal.
  3307 | D:3      | Found a shadowy altar of Dithmenos.
  3691 | D:3      | Killed anything's ghost
  3691 | D:3      | Reached skill level 3 in Conjurations
  3691 | D:3      | Reached XP level 6. HP: 37/41 MP: 4/11
  3697 | D:3      | Learned a level 4 spell: Sticky Flame
  3771 | D:3      | Reached skill level 5 in Fire Magic
  3771 | D:3      | Reached XP level 7. HP: 38/46 MP: 13/13
  4104 | D:4      | Got a scorched bardiche
  4105 | D:4      | Identified the +7 bardiche of Siloagh {venom, *Corrode rN+ Int+2} (You found it on level 4 of the Dungeon)
  4190 | D:4      | Found an ancient bone altar of Kikubaaqudgha.
  4234 | D:4      | Noticed Menkaure
  4243 | D:4      | Killed Menkaure
  4517 | D:4      | Noticed Pikel
  4563 | D:4      | Killed Pikel
  4563 | D:4      | Reached skill level 6 in Fire Magic
  4563 | D:4      | Reached XP level 8. HP: 48/52 MP: 16/16
  4788 | D:5      | Entered Level 5 of the Dungeon
  4822 | D:5      | Found a sand-covered staircase.
  4829 | Ossuary  | Entered an ossuary
  5201 | D:5      | Noticed Eustachio
  5217 | D:5      | HP: 2/52 [centaur/arrow (14)]
  5218 | D:5      | Shot with an arrow by a centaur

Vault maps used:
D:1:      dpeg_arrival_snail
D:3:      gammafunk_temple_overflow_wave, first_bread, guppyfry_early_orc_mine
D:4:      kiku_gazebo_garden_becter, uniq_menkaure, uniq_pikel
D:5:      overflow_temple_1_default, minmay_temple_entry_poolview,
          nicolae_ossuary_entry_giza, uniq_eustachio
Ossuary:  ossuary_tomb_3

Skill      XL: |  1  2  3  4  5  6  7 |
---------------+----------------------+-----
Conjurations   | 2 3 5 |  5.9
Fire Magic     | 4 5 6 |  6.6
Spellcasting   | 3 4 5 |  5.6
Dodging        | |  2.0
Stealth        | |  2.0

Action                   |  1- 3 |  4- 6 |  7- 9 || total
-------------------------+-------+-------+-------++-------
Melee: Unarmed           |    49 |    13 |       ||    62
       Bardiche          |       |       |    54 ||    54
 Cast: Flame Tongue      |    52 |   122 |    44 ||   218
       Conjure Flame     |     1 |     8 |    10 ||    19
       Sticky Flame      |       |       |     1 ||     1
  Use: Scroll            |       |       |    11 ||    11
 Stab: Sleeping          |       |       |     2 ||     2
  Eat: Chunk             |     3 |     7 |     6 ||    16
Armor: Robe              |     7 |     8 |    18 ||    33
Dodge: Dodged            |    61 |    40 |    43 ||   144

Table legend:
 A = Spawn XP
 B = Non-spawn XP
 C = Spawn XP percentage of total XP
 D = Spawn monster count
 E = Non-spawn monster count
 F = Spawn count percentage of total count
 G = Total turns spent on level
                    A         B        C        D         E        F      G
               +---------+---------+-------+---------+---------+-------+---------
         Total |       0 |    1888 |   0.0 |       0 |     104 |   0.0 |  5218
               +---------+---------+-------+---------+---------+-------+---------
           D:1 |       0 |      20 |   0.0 |       0 |       8 |   0.0 |   860
           D:2 |       0 |      66 |   0.0 |       0 |      27 |   0.0 |  1602
           D:3 |       0 |     472 |   0.0 |       0 |      33 |   0.0 |  1624
           D:4 |       0 |    1043 |   0.0 |       0 |       9 |   0.0 |   702
           D:5 |       0 |     110 |   0.0 |       0 |      11 |   0.0 |   187
       Ossuary |       0 |     177 |   0.0 |       0 |      16 |   0.0 |   243
               +---------+---------+-------+---------+---------+-------+---------
